 Dungeon Crawl Stone Soup version 0.22-a0-412-g2b68d144a4 (webtiles) character file.

496 M4edhros the Sneak (level 7, -2/44 HPs)
             Began as an Octopode Artificer on May 12, 2018.
             Was a Follower of Fedhas.
             Killed from afar by an orc wizard (9 damage)
             ... with a magic dart
             ... on level 5 of the Dungeon.
             The game lasted 00:15:17 (2845 turns).

M4edhros the Sneak (Octopode Artificer)             Turns: 2845, Time: 00:15:23

Health: -2/44      AC:  1    Str: 11    XL:     7   Next: 15%
Magic:  18/18      EV: 14    Int: 16    God:    Fedhas [*.....]
Gold:   337        SH:  0    Dex: 14    Spells: 6/6 levels left

rFire    + + .     SeeInvis .   i - +0 hunting sling
rCold    x . .     Gourm    .   (no shield)
rNeg     . . .     Faith    .   (helmet restricted)
rPois    .         Spirit   .   (no amulet)
rElec    .         Reflect  .   h - ring of magical power
rCorr    .         Harm     .   l - ring of fire
MR       .....                  b - +2 ring of intelligence
Stlth    ++........             g - ring of protection from fire
HPRegen  0.14/turn              (no ring)
MPRegen  0.16/turn              (no ring)
                                (no ring)
                                (no ring)

@: slowed, glowing, very slow
A: almost no armour, stealthy swim, amphibious, 8 rings, constrict 8, camouflage
1, gelatinous body 1
a: Fungal Bloom, Evolution, Renounce Religion


You were on level 5 of the Dungeon.
You worshipped Fedhas.
Fedhas was aware of your devotion.
You were not hungry.

You visited 1 branch of the dungeon, and saw 5 of its levels.

You collected 337 gold pieces.

Inventory:

Hand Weapons
 a - a +0 short sword
 i - a +0 hunting sling (weapon)
Missiles
 k - 75 sling bullets
 r - 209 stones (quivered)
 w - 22 poisoned needles
Armour
 o - a +0 buckler
Jewellery
 b - a +2 ring of intelligence (on tentacle)
 g - a ring of protection from fire (on tentacle)
 h - a ring of magical power (left tentacle)
 l - a ring of fire (right tentacle)
Wands
 c - a wand of enslavement (3)
 d - a wand of random effects (4)
 v - a wand of acid (6)
Scrolls
 e - 4 scrolls of teleportation
 j - 3 scrolls of fear
 n - 3 scrolls of amnesia
 s - 4 scrolls of blinking
 u - a scroll of enchant armour {unknown}
 y - a scroll of identify
 B - a scroll of remove curse
Potions
 m - a potion of might {unknown}
 p - 2 potions of curing
 q - a potion of heal wounds
 t - a potion of agility
 x - a potion of brilliance
 z - a potion of invisibility
 A - a potion of lignification {unknown}
Comestibles
 f - 13 rations


   Skills:
 + Level 1.9 Fighting
 - Level 1.0 Short Blades
 * Level 2.4 Slings
 + Level 2.6 Dodging
 + Level 7.5 Stealth
 + Level 1.6 Shields
 + Level 1.7 Invocations
 + Level 3.8 Evocations


You had 6 spell levels left.
You didn't know any spells.
Your spell library was empty.

Dungeon Overview and Level Annotations

Branches:
Dungeon (5/15)
 Temple: D:4-7

Altars:
Fedhas
Gozag
Ru
Trog


Innate Abilities, Weirdness & Mutations

You cannot wear most types of armour.
You are very stealthy in the water. (Stealth+)
You are amphibious.
You can wear up to eight rings at the same time.
You can use your tentacles to constrict eight enemies at once.
Your skin changes colour to match your surroundings (Stealth+).
Your rubbery body absorbs attacks. (AC +1, EV +1)


Message History

The orc wizard blinks!
The orc wizard hits you with a dagger.
Your wandering mushroom releases spores at the orc wizard!
The orc wizard is engulfed in a cloud of spores!
Firing (i - inventory. (/) - cycle)
r - 210 stones (quivered)
Press: ? - help, Shift-Dir - straight line, f/p - orc wizard
Aim: an orc wizard, wielding a dagger and wearing a robe (almost dead, fast)
You shoot a stone. The stone misses the orc wizard.
The orc wizard hits you with a dagger. x2
Your wandering mushroom releases spores at the orc wizard!
The orc wizard dies!
You're too hungry.
You eat one of the 14 rations.
That ration really hit the spot!
Your wandering mushroom seems less confused.
The orc wizard points at you and mumbles some strange words.
The magic dart hits you!
* * * LOW HITPOINT WARNING * * *
The orc wizard gestures at you while chanting.
The magic dart hits you!
You die...
Fedhas appreciates your contribution to the ecosystem.

##..##
##.(....#
##..##
##.......#
#..f#
##........#
#####..##
##..o......#
#.....##
##...##.....#
#.....#
#.[.## ..o..
##.._..#
##).## .....#
#......#
#.f.# ......
#......##
##@.## #.....
#.......#
#...####...##
####....##
#.........#
###...##
##f......#
##...##
##......##
##...##
###.....#
##...#
###...# ##..#
##..# #..#
##.##


You could see an orc wizard and 2 friendly wandering mushrooms.

Vanquished Creatures
  A centaur (D:5)
  A bullfrog zombie (D:5)
  A centaur zombie (D:4)
  4 adders
  2 dart slugs
  A leopard gecko (D:2)
  4 orcs
  2 giant cockroaches (D:3)
  7 goblins
  5 hobgoblins
  7 kobolds
  8 bats
  5 frilled lizards
  5 rats
53 creatures vanquished.

Vanquished Creatures (collateral kills)
  The ghost of Naab the Covert, a novice SpEn of Dithmenos (D:5)
  A sky beast (D:5)
  A scorpion (D:4)
  A bullfrog skeleton (D:4)
  An orc wizard (D:5)
  2 adders
  2 worker ants (D:4)
  8 orcs (D:5)
  A ball python (D:5)
18 creatures vanquished.

Vanquished Creatures (others)
  An orc priest (D:5)
  A worker ant (D:5)
  33 toadstools
35 creatures vanquished.

Grand Total: 106 creatures vanquished

Notes
Turn   | Place    | Note
-------+----------+-------------------------------------------
     0 | D:1      | M4edhros the Octopode Artificer began the quest for the Orb.
     0 | D:1      | Reached XP level 1. HP: 13/13 MP: 3/3
   121 | D:1      | Reached skill level 2 in Stealth
   132 | D:1      | Reached XP level 2. HP: 14/18 MP: 4/4
   133 | D:1      | Reached skill level 3 in Stealth
   461 | D:2      | Reached skill level 4 in Stealth
   461 | D:2      | Reached XP level 3. HP: 23/23 MP: 5/5
   480 | D:2      | Found a sacrificial altar of Ru.
   981 | D:3      | Reached skill level 5 in Stealth
  1105 | D:4      | Reached XP level 4. HP: 23/28 MP: 6/6
  1137 | D:4      | Reached skill level 6 in Stealth
  1178 | D:4      | Noticed a phantom
  1188 | D:5      | Entered Level 5 of the Dungeon
  1216 | D:5      | Found a blossoming altar of Fedhas.
  1247 | D:5      | Became a worshipper of Fedhas Madash
  1306 | D:5      | Noticed a sky beast
  1326 | D:5      | Reached XP level 5. HP: 22/33 MP: 7/7
  1425 | D:3      | Found an opulent altar of Gozag.
  1617 | D:2      | Reached skill level 7 in Stealth
  1857 | D:1      | Reached * piety under Fedhas
  2403 | D:4      | Reached skill level 1 in Slings
  2448 | D:4      | Reached XP level 6. HP: 22/38 MP: 8/8
  2517 | D:5      | Reached skill level 1 in Shields
  2517 | D:5      | Reached skill level 1 in Invocations
  2535 | D:5      | Killed a sky beast
  2728 | D:5      | Found a bloodstained altar of Trog.
  2835 | D:5      | Noticed Naab's ghost (novice SpEn)
  2838 | D:5      | Killed Naab's ghost
  2838 | D:5      | Reached XP level 7. HP: 39/44 MP: 9/9
  2845 | D:5      | Killed from afar by an orc wizard

Vault maps used:
D:1:      lightli_arrival_isolated_outpost, minmay_strange_pillars
D:2:      nicolae_ru_sacrificial_ziggurat
D:3:      nicolae_gozag_seed_capital
D:4:      marbit_many_paths, uniq_pikel
D:5:      lemuel_round_altar, basic_altar, first_ration, minmay_crystal_room

Skill      XL: |  1  2  3  4  5  6 |
---------------+-------------------+-----
Stealth        | 2 4 5 6 7 |  7.5
Slings         | 1 2 |  2.4
Shields        | 1 |  1.6
Invocations    | 1 |  1.7
Fighting       | |  1.9
Short Blades   | |  1.0
Dodging        | |  2.6
Evocations     | |  3.8

Action                   |  1- 3 |  4- 6 |  7- 9 || total
-------------------------+-------+-------+-------++-------
Melee: Short sword       |    36 |       |       ||    36
       Tentacles         |    12 |    10 |       ||    22
       Constrict         |    15 |    16 |       ||    31
       Hunting sling     |    39 |    20 |       ||    59
       Unarmed           |       |    26 |       ||    26
 Fire: Hunting sling     |     5 |    18 |     1 ||    24
Invok: Fungal Bloom      |       |    14 |       ||    14
       Evolution         |       |     2 |       ||     2
Evoke: Wand              |    20 |    18 |     1 ||    39
  Use: Scroll            |     6 |     7 |       ||    13
       Potion            |       |     1 |       ||     1
 Stab: Sleeping          |     7 |     2 |       ||     9
       Paralysed         |     2 |       |       ||     2
       Distracted        |     1 |       |       ||     1
  Eat: Chunk             |       |     4 |       ||     4
       Ration            |       |       |     1 ||     1
Armor: Skin              |    12 |     3 |     1 ||    16
Dodge: Dodged            |    63 |    37 |       ||   100

Table legend:
 A = Spawn XP
 B = Non-spawn XP
 C = Spawn XP percentage of total XP
 D = Spawn monster count
 E = Non-spawn monster count
 F = Spawn count percentage of total count
 G = Total turns spent on level
                    A         B        C        D         E        F      G
               +---------+---------+-------+---------+---------+-------+---------
         Total |       0 |     709 |   0.0 |       0 |      71 |   0.0 |  2845
               +---------+---------+-------+---------+---------+-------+---------
           D:1 |       0 |      24 |   0.0 |       0 |      15 |   0.0 |   543
           D:2 |       0 |      49 |   0.0 |       0 |      16 |   0.0 |   830
           D:3 |       0 |      38 |   0.0 |       0 |      14 |   0.0 |   606
           D:4 |       0 |     179 |   0.0 |       0 |       7 |   0.0 |   325
           D:5 |       0 |     419 |   0.0 |       0 |      19 |   0.0 |   541
               +---------+---------+-------+---------+---------+-------+---------
